 Dungeon Crawl Stone Soup version 0.22.0-38-g04b72b8 (webtiles) character file.

2723 Lew the Blocker (level 9, -1/74 HPs)
             Began as a Gnoll Fighter on Aug 28, 2018.
             Was a Believer of Ashenzari.
             Slain by a killer bee (5 damage)
             ... on level 8 of the Dungeon.
             The game lasted 00:18:36 (6886 turns).

Lew the Blocker (Gnoll Fighter)                     Turns: 6886, Time: 00:18:37

Health: -1/74      AC: 11    Str: 22    XL:     9   Next: 66%
Magic:  15/15      EV: 12    Int: 14    God:    Ashenzari [**....]
Gold:   343        SH: 15    Dex: 20    Spells: 16/16 levels left

rFire    + + .     SeeInvis .   p - +1 rapier (venom)
rCold    + . .     Gourm    .   c - +1 shield (curse)
rNeg     + . .     Faith    .   v - +1 scale mail of Freedom {rN+ MR- rCorr Int+3} (curse)
rPois    +         Spirit   .   (helmet restricted)
rElec    +         Reflect  +   w - +0 cloak
rCorr    +         Harm     .   (no gloves)
MR       .....                  (no boots)
Stlth    ++........             y - +2 amulet of reflection
HPRegen  0.22/turn              g - ring of protection from fire
MPRegen  0.14/turn              z - +4 ring of dexterity

@: about to teleport, resistant
A: distributed training, fangs 1, horns 1, shaggy fur 1, strong 1, strong nose
a: Curse Item, Scrying, Renounce Religion


You were on level 8 of the Dungeon.
You worshipped Ashenzari.
Ashenzari was pleased with you.
You were not hungry.

You visited 2 branches of the dungeon, and saw 9 of its levels.
You also visited: Sewer.

You collected 395 gold pieces.
You spent 52 gold pieces at shops.

Inventory:

Hand Weapons
 a - a +0 long sword
 p - a +1 rapier of venom (weapon)
 A - a +0 flail of protection
 B - the +5 mace of Grontol {pain, rN++ MR+ SInv Stlth+}
   (You found it on level 8 of the Dungeon)

   In the hands of one skilled in necromantic magic, it inflicts extra damage on
   living creatures.
   It greatly protects you from negative energy.
   It affects your resistance to hostile enchantments.
   It lets you see invisible.
   It makes you more stealthy.
Armour
 b - a +0 scale mail
 c - a cursed +1 shield (worn)
 v - the cursed +1 scale mail of Freedom (worn) {rN+ MR- rCorr Int+3}
   (You found it on level 6 of the Dungeon)

   It affects your intelligence (+3).
   It protects you from negative energy.
   It affects your resistance to hostile enchantments.
   It provides partial protection from all sources of acid and corrosion.
   It has a curse placed upon it.
 w - a +0 cloak (worn)
Jewellery
 g - a ring of protection from fire (left hand)
 y - a +2 amulet of reflection (around neck)
 z - a +4 ring of dexterity (right hand)
Wands
 i - a wand of iceblast (5)
 t - a wand of flame (20)
 u - a wand of paralysis (8)
 C - a wand of clouds (3)
Scrolls
 e - a scroll of teleportation
 j - 2 scrolls of fog
 l - a scroll of amnesia
 n - 4 scrolls of identify
 o - a scroll of enchant weapon
 q - 5 scrolls of remove curse
 x - a scroll of blinking
Potions
 d - 6 potions of might
 h - 2 potions of magic
 k - 4 potions of curing
 m - 2 potions of berserk rage
 s - a potion of lignification
Comestibles
 f - 19 rations


   Skills:
 + Level 8.0 Fighting
 + Level 4.4 Short Blades
 + Level 6.4 Long Blades
 + Level 4.4 Axes
 + Level 4.4 Maces & Flails
 + Level 4.4 Polearms
 + Level 4.4 Staves
 + Level 4.4 Slings
 + Level 4.4 Bows
 + Level 4.4 Crossbows
 + Level 4.4 Throwing
 + Level 8.0 Armour
 + Level 4.4 Dodging
 + Level 4.4 Stealth
 + Level 8.0(9.5) Shields
 + Level 4.4 Unarmed Combat
 + Level 4.4 Spellcasting
 + Level 3.6 Conjurations
 + Level 3.6 Hexes
 + Level 3.6 Charms
 + Level 3.6 Summonings
 + Level 3.6 Necromancy
 + Level 3.6 Translocations
 + Level 3.6 Transmutations
 + Level 3.6 Fire Magic
 + Level 3.6 Ice Magic
 + Level 3.6 Air Magic
 + Level 3.6 Earth Magic
 + Level 3.6 Poison Magic
 + Level 4.8 Invocations
 + Level 4.4 Evocations


You had 16 spell levels left.
You didn't know any spells.
Your spell library contained the following spells:

 Spells                   Type           Power        Failure   Level  Hunger
 Animate Skeleton         Necr           N/A          21%         1    None
 Apportation              Tloc           ##....       21%         1    None
 Confusing Touch          Hex            ##....       21%         1    None
 Magic Dart               Conj           ##..         21%         1    None
 Shock                    Conj/Air       ##..         21%         1    None
 Summon Small Mammal      Summ           ##..         21%         1    None
 Blink                    Tloc           N/A          30%         2    ##.....
 Call Imp                 Summ           ##......     30%         2    ##.....
 Slow                     Hex            ##......     30%         2    ##.....
 Swiftness                Chrm/Air       ##......     30%         2    ##.....
 Conjure Flame            Conj/Fire      ##......     52%         3    ###....
 Mephitic Cloud           Conj/Pois/Air  ##......     52%         3    ###....
 Static Discharge         Conj/Air       ##......     52%         3    ###....
 Airstrike                Air            ##........   89%         4    ####...
 Lightning Bolt           Conj/Air       ##........   99%         5    ######.


Dungeon Overview and Level Annotations

Branches:
Dungeon (8/15)             Temple (1/1) D:5
   Lair: D:8-11

Altars:
Ashenzari
Cheibriados
Dithmenos
Elyvilon
Fedhas
Gozag
Hepliaklqana
Kikubaaqudgha
Makhleb
Nemelex Xobeh
Okawaru
Qazlal
Ru
Trog
Uskayaw
Vehumet
Wu Jian
Xom
Yredelemnul
Zin
The Shining One

Shops:
D:4 ((:*   D:6 ?


Innate Abilities, Weirdness & Mutations

Your experience applies equally to all skills.
You have very sharp teeth.
Your uncanny sense of smell can sniff out nearby items.
You have a pair of small horns on your head.
You are covered in fur. (AC +1)
Your muscles are strong. (Str +2)


Message History

You block the killer bee's attack. The killer bee misses you.
The killer bee stings you but does no damage.
The killer bee closely misses you. You block the killer bee's attack. x2
The killer bee closely misses you.
The orc drinks a potion.
The orc seems to grow stronger.
The killer bee stings you.
* * * LOW HITPOINT WARNING * * *
You block the killer bee's attack.
As you read the scroll of teleportation, it crumbles to dust.
You feel strangely unstable.
You feel sick. The killer bee barely misses you.
You block the killer bee's attack. The killer bee stings you.
* * * LOW HITPOINT WARNING * * *
You block the killer bee's attack. The killer bee barely misses you.
You block the killer bee's attack. x2; The killer bee stings you!
* * * LOW HITPOINT WARNING * * *
You feel better. You block the killer bee's attack. x3
The killer bee stings you but does no damage.
The killer bee stings you!
* * * LOW HITPOINT WARNING * * *
The killer bee stings you.
You die...

#.......##.........##
#.#..##..#.##...##.#.
#.##..##....##.##....
#......#.##..#.#..##.
#.......##.....##..
#...#....#....)#...
#...#..............
#...####+#########)
##@y# , , #.


#yyy# , , , .. #.o.#, , , ,,, #...# , , , #...#, ,, * #...#* , * #.>.# , * #...#
, , * #..<. * , You could see 4 killer bees and an orc.

Vanquished Creatures
  Eustachio (D:4)
  A wraith (D:7)
  2 phantoms (D:8)
  A necrophage (D:7)
  2 centaurs
  An ogre (D:7)
  Blork the orc (D:4)
  5 bullfrogs
  A gnoll sergeant (D:8)
  An elf zombie (D:7)
  A water moccasin zombie (D:6)
  A scorpion (D:7)
  A troll zombie (D:7)
  2 killer bees (D:8)
  2 wights (D:7)
  5 howler monkeys
  2 quasits
  A centaur skeleton (D:4)
  2 hounds
  2 human zombies (D:7)
  A bullfrog skeleton (D:5)
  4 orc wizards
  2 jellies
  An iguana (D:7)
  3 worker ants
  An ogre zombie (D:7)
  A hound zombie (D:8)
  6 hound skeletons
  A mummy (D:7)
  12 gnolls
  7 adders
  A shadow imp (D:8)
  A worm (D:3)
  A dart slug (D:1)
  4 leopard geckos
  12 orcs
  6 ball pythons
  3 bats
  5 giant cockroaches
  3 hobgoblins
  22 jackals
  A quokka (D:3)
  5 frilled lizards
  8 goblins
  14 kobolds
  A leopard gecko skeleton (D:6)
  An orc skeleton (D:7)
  An orc zombie (D:7)
  A quokka skeleton (D:4)
  9 rats
  2 plants (Sewer)
175 creatures vanquished.

Notes
Turn   | Place    | Note
-------+----------+-------------------------------------------
     0 | D:1      | Lew the Gnoll Fighter began the quest for the Orb.
     0 | D:1      | Reached XP level 1. HP: 23/23 MP: 1/1
    24 | D:1      | Reached XP level 2. HP: 27/29 MP: 2/2
   260 | D:1      | Reached XP level 3. HP: 34/35 MP: 3/3
   629 | D:1      | Gained mutation: Your system is resistant to poisons. (rPois) [potion of mutation]
   629 | D:1      | Gained mutation: Your magical capacity is low. (-10% MP) [potion of mutation]
   629 | D:1      | Gained mutation: You are robust. (+10% HP) [potion of mutation]
   630 | D:1      | Lost mutation: Your system is resistant to poisons. (rPois) [potion of mutation]
   630 | D:1      | Lost mutation: Your magical capacity is low. (-10% MP) [potion of mutation]
   630 | D:1      | Lost mutation: You are robust. (+10% HP) [potion of mutation]
   630 | D:1      | Gained mutation: You are covered in fur. (AC +1) [potion of mutation]
   630 | D:1      | Gained mutation: Your muscles are strong. (Str +2) [potion of mutation]
   630 | D:1      | Gained mutation: You have a pair of small horns on your head. [potion of mutation]
   730 | D:2      | Reached skill level 1 in Invocations
   866 | D:2      | Found a radiant altar of Vehumet.
   866 | D:2      | Found a burning altar of Makhleb.
   866 | D:2      | Found an ancient bone altar of Kikubaaqudgha.
   866 | D:2      | Found a hide-covered altar of Uskayaw.
   868 | D:2      | Found a sparkling altar of Nemelex Xobeh.
   914 | D:2      | Reached skill level 1 in Short Blades
   914 | D:2      | Reached skill level 1 in Axes
   914 | D:2      | Reached skill level 1 in Maces & Flails
   914 | D:2      | Reached skill level 1 in Polearms
   914 | D:2      | Reached skill level 1 in Staves
   914 | D:2      | Reached skill level 1 in Slings
   914 | D:2      | Reached skill level 1 in Bows
   914 | D:2      | Reached skill level 1 in Crossbows
   914 | D:2      | Reached skill level 1 in Throwing
   914 | D:2      | Reached skill level 1 in Dodging
   914 | D:2      | Reached skill level 1 in Stealth
   914 | D:2      | Reached skill level 1 in Unarmed Combat
   914 | D:2      | Reached skill level 1 in Spellcasting
   914 | D:2      | Reached skill level 1 in Evocations
  1364 | D:3      | Found a glowing drain.
  1367 | D:3      | Reached XP level 4. HP: 38/41 MP: 5/5
  1410 | Sewer    | Entered a sewer
  1593 | Sewer    | Reached skill level 1 in Conjurations
  1593 | Sewer    | Reached skill level 1 in Hexes
  1593 | Sewer    | Reached skill level 1 in Charms
  1593 | Sewer    | Reached skill level 1 in Summonings
  1593 | Sewer    | Reached skill level 1 in Necromancy
  1593 | Sewer    | Reached skill level 1 in Translocations
  1593 | Sewer    | Reached skill level 1 in Transmutations
  1593 | Sewer    | Reached skill level 1 in Fire Magic
  1593 | Sewer    | Reached skill level 1 in Ice Magic
  1593 | Sewer    | Reached skill level 1 in Air Magic
  1593 | Sewer    | Reached skill level 1 in Earth Magic
  1593 | Sewer    | Reached skill level 1 in Poison Magic
  2198 | D:3      | Reached XP level 5. HP: 47/47 MP: 6/6
  2287 | D:3      | Found a shimmering altar of Xom.
  2287 | D:3      | Found a shimmering altar of Xom.
  2596 | D:4      | Reached XP level 6. HP: 36/53 MP: 8/8
  2753 | D:4      | Found Yckynix's Book Boutique.
  2829 | D:4      | Noticed Eustachio
  2852 | D:4      | Killed Eustachio
  2852 | D:4      | Reached skill level 5 in Long Blades
  2863 | D:4      | Reached XP level 7. HP: 40/59 MP: 10/10
  3009 | D:4      | Found a shattered altar of Ashenzari.
  3024 | D:4      | Found Ufelueme's Assorted Antiques.
  3033 | D:4      | Bought a scroll labeled IMPIURREYSK for 26 gold pieces
  3033 | D:4      | Bought a scroll labeled WOEZUB VISURY for 26 gold pieces
  3118 | D:4      | Found Moho's Weapon Boutique.
  3221 | D:4      | Noticed Blork the orc
  3231 | D:4      | Killed Blork the orc
  3321 | D:4      | Found Riuqotul's Antique Weapon Boutique.
  3354 | D:4      | Found a sacrificial altar of Ru.
  3461 | D:5      | Entered Level 5 of the Dungeon
  3560 | D:5      | Found a staircase to the Ecumenical Temple.
  3609 | Temple   | Entered the Ecumenical Temple
  3699 | D:4      | Became a worshipper of Ashenzari the Shackled
  4232 | D:6      | Reached XP level 8. HP: 61/67 MP: 12/12
  4606 | D:6      | Found Zapsal's Magic Scroll Shoppe.
  4654 | D:6      | Got the cursed scale mail of Freedom {rN+ MR- rCorr Int+3}
  4668 | D:6      | Identified the cursed +1 scale mail of Freedom {rN+ MR- rCorr Int+3} (You found it on level 6 of the Dungeon)
  5005 | D:6      | Reached * piety under Ashenzari
  5698 | D:7      | Reached XP level 9. HP: 72/72 MP: 14/14
  6346 | D:7      | Found an iron altar of Okawaru.
  6402 | D:7      | Found a shimmering altar of Xom.
  6511 | D:7      | Reached ** piety under Ashenzari
  6570 | D:7      | Found a basalt altar of Yredelemnul.
  6862 | D:8      | Got the mace of Grontol {pain, rN++ MR+ SInv Stlth+}
  6886 | D:8      | Slain by a killer bee

Skill      XL: |  1  2  3  4  5  6  7  8  9 |
---------------+----------------------------+-----
Invocations    | 1 2 3 4 |  4.8
Short Blades   | 1 2 3 4 |  4.4
Axes           | 1 2 3 4 |  4.4
Maces & Flails | 1 2 3 4 |  4.4
Polearms       | 1 2 3 4 |  4.4
Staves         | 1 2 3 4 |  4.4
Slings         | 1 2 3 4 |  4.4
Bows           | 1 2 3 4 |  4.4
Crossbows      | 1 2 3 4 |  4.4
Throwing       | 1 2 3 4 |  4.4
Dodging        | 1 2 3 4 |  4.4
Stealth        | 1 2 3 4 |  4.4
Unarmed Combat | 1 2 3 4 |  4.4
Spellcasting   | 1 2 3 4 |  4.4
Evocations     | 1 2 3 4 |  4.4
Conjurations   | 1 2 3 |  3.6
Hexes          | 1 2 3 |  3.6
Charms         | 1 2 3 |  3.6
Summonings     | 1 2 3 |  3.6
Necromancy     | 1 2 3 |  3.6
Translocations | 1 2 3 |  3.6
Transmutations | 1 2 3 |  3.6
Fire Magic     | 1 2 3 |  3.6
Ice Magic      | 1 2 3 |  3.6
Air Magic      | 1 2 3 |  3.6
Earth Magic    | 1 2 3 |  3.6
Poison Magic   | 1 2 3 |  3.6
Long Blades    | 5 6 |  6.4
Fighting       | 7 8 |  8.0
Armour         | 7 8 |  8.0
Shields        | 7 8 |  8.0

Action                   |  1- 3 |  4- 6 |  7- 9 || total
-------------------------+-------+-------+-------++-------
Melee: Long sword        |   104 |   241 |       ||   345
       Bite              |     9 |    37 |    42 ||    88
       Headbutt          |    12 |    53 |    75 ||   140
       Rapier            |       |       |   326 ||   326
Invok: Curse Item        |       |       |     1 ||     1
  Use: Potion            |     5 |     2 |     5 ||    12
       Scroll            |     4 |       |     8 ||    12
 Stab: Sleeping          |       |       |     3 ||     3
  Eat: Chunk             |     1 |     6 |    11 ||    18
       Ration            |       |       |     1 ||     1
Armor: Scale mail        |    49 |    50 |   118 ||   217
       Skin              |     2 |       |       ||     2
Dodge: Dodged            |    41 |    51 |   147 ||   239
Block: Shield            |    72 |   101 |   270 ||   443
       Rpst.: Long sword |    10 |    17 |       ||    27
